 Dungeon Crawl Stone Soup version 0.25-a0-435-g4b9beb1024 (webtiles) character file.

Game seed: 1648799501323088163, levelgen mode: deterministic

33 Esekla the Ducker (level 3, -6/19 HPs)
             Began as a Spriggan Abyssal Knight on Jan 29, 2020.
             Was a Follower of Lugonu.
             Killed by nerve-wracking pain
             ... invoked by Jessica
              (7 damage)
             ... on level 2 of the Dungeon.
             The game lasted 00:10:31 (967 turns).

Esekla the Ducker (Spriggan Abyssal Knight)          Turns: 967, Time: 00:10:32

Health: -6/19      AC:  2    Str:  8    XL:     3   Next: 12%
Magic:  1/5        EV: 19    Int: 14    God:    Lugonu [*.....]
Gold:   77         SH:  0    Dex: 15    Spells: 2/4 levels left

rFire    . . .     SeeInvis +   a - +1 short sword
rCold    . . .     Gourm    .   (shield restricted)
rNeg     . . .     Faith    .   b - +0 robe
rPois    .         Spirit   .   (helmet restricted)
rElec    .         Reflect  .   (no cloak)
rCorr    .         Harm     .   (gloves unavailable)
MR       .....                  (boots unavailable)
Stlth    +.........             (no amulet)
HPRegen  0.06/turn              (no ring)
MPRegen  0.09/turn              (no ring)

@: very quick
A: very small, unfitting armour, see invisible, herbivore, speed 3, slow
metabolism 2
a: Depart the Abyss, Renounce Religion


You were on level 2 of the Dungeon.
You worshipped Lugonu.
Lugonu was aware of your devotion.
You were not hungry.

You visited 1 branch of the dungeon, and saw 3 of its levels.
You visited the Abyss 1 time.

You collected 77 gold pieces.

Inventory:

Hand Weapons
 a - a +1 short sword (weapon)
 h - a +1 hunting sling of flaming
Missiles
 e - a curare-tipped dart (quivered)
Armour
 b - a +0 robe (worn)
Jewellery
 d - an uncursed amulet of the gourmand {unknown}
Scrolls
 f - 2 scrolls of identify {unknown}
 g - 2 scrolls of remove curse {unknown}
Comestibles
 c - 3 rations


   Skills:
 - Level 2.4 Fighting
 * Level 2.6 Short Blades
 * Level 4.2 Dodging
 * Level 1.1 Spellcasting
 * Level 0.7 Air Magic
 * Level 0.8 Poison Magic
 + Level 1.9 Invocations


You had 2 spell levels left.
You knew the following spells:

 Your Spells              Type           Power        Failure   Level  Hunger
v - Poisonous Vapours     Pois/Air       #.....       28%         2    ###....

Your spell library contained the following spells:

 Spells                   Type           Power        Failure   Level  Hunger
 Sting                    Tmut/Pois      #...         22%         1    ##.....
 Mephitic Cloud           Conj/Pois/Air  #.......     54%         3    ####...
 Ignite Poison            Fire/Tmut/Pois #.......     56%         3    ####...
 Olgreb's Toxic Radiance  Pois           #.......     88%         4    #####..


Dungeon Overview and Level Annotations

Branches:
Dungeon (3/15)

Altars:
Ashenzari
Wu Jian

Annotations:
D:2 Jessica


Innate Abilities, Weirdness & Mutations

You are very small and have problems with some larger weapons.
You are too small for most types of armour.
You have supernaturally acute eyesight. (SInv)
You are a herbivore.
You cover ground extremely quickly.
You need to consume almost no food.


Message History

There is a stone staircase leading down here.
Casting: Poisonous Vapours (safe; 28% risk of failure)
Confirm with . or Enter, or press ? or * to list all spells.
Okay, then.
Jessica says, "Why did you come here?"
You see here a +0 club.
Jessica casts a spell at you. Pain shoots through your body!
Jessica casts a spell.
Jessica blinks!
Jessica gestures at you while chanting. Pain shoots through your body!
Ouch! That really hurt!
* * * LOW HITPOINT WARNING * * *
Okay, then.
You aren't carrying any potions.
Jessica says, "I'm really upset."
Jessica casts a spell at you. Pain shoots through your body!
You die...

#.# #.# #.# #.#
#.# #.# #.# #.#
#.# #.# #.# #.#
#.# #.#
#.############@#
#........).@...#
##############.#
#.# ###


You could see Jessica.

Vanquished Creatures
  2 adders (D:2)
  A bat (D:1)
  A goblin (D:3)
  3 hobgoblins (D:2)
  A quokka (D:2)
  A frilled lizard (D:2)
  5 kobolds (D:2)
  2 rats (D:2)
16 creatures vanquished.

Notes
Turn   | Place    | Note
-------+----------+-------------------------------------------
     0 | Abyss:1  | Esekla the Spriggan Abyssal Knight began the quest for the
                  | Orb.
     0 | Abyss:1  | Reached XP level 1. HP: 11/11 MP: 3/3
    18 | Abyss:2  | Noticed a small abomination
    26 | Abyss:2  | Noticed a thrashing horror
    26 | Abyss:2  | Noticed a thrashing horror
    30 | D:1      | Escaped the Abyss
   102 | D:2      | Found a shattered altar of Ashenzari.
   145 | D:2      | Reached * piety under Lugonu
   148 | D:2      | Reached skill level 4 in Dodging
   148 | D:2      | Reached skill level 1 in Spellcasting
   148 | D:2      | Reached XP level 2. HP: 16/16 MP: 4/4
   172 | D:2      | Learned a level 2 spell: Poisonous Vapours
   564 | D:3      | Found an ornate altar of the Wu Jian Council.
   895 | D:2      | Noticed Jessica
   922 | D:2      | Reached XP level 3. HP: 19/19 MP: 1/5
   967 | D:2      | Killed from afar by Jessica

Levels and vault maps discovered:
D:1:      erik_arrival_orb_chamber, layout_basic
D:2:      minmay_razor_zed, layout_basic, lemuel_doored_altar,
          overflow_temple_1_default, first_ration, glass_columns_b, uniq_jessica
D:3:      layout_basic, nicolae_overflow_hidden_temple

Skill      XL: |  1 |
---------------+----+-----
Dodging        | 4 |  4.2
Spellcasting   | 1 |  1.1
Fighting       | |  2.4
Short Blades   | |  2.6
Air Magic      | |  0.7
Poison Magic   | |  0.8
Invocations    | |  1.9

Action                   || total
-------------------------++-------
Melee: Short sword       ||    35
Throw: Dart              ||     4
 Cast: Poisonous Vapours ||     7
Invok: Depart the Abyss  ||     1
 Stab: Sleeping          ||     1
Armor: Robe              ||     3
Dodge: Dodged            ||    44

Table legend:
 A = Non-vault XP
 B = Vault XP
 C = Vault XP percentage of total XP
 D = Non-vault monster count
 E = Vault monster count
 F = Vault count percentage of total count
                 A         B        C        D         E       F
            +---------+---------+-------+---------+---------+-------
      Total |      31 |      17 |  35.4 |      13 |       3 |  18.8
            +---------+---------+-------+---------+---------+-------
        D:1 |       2 |       0 |   0.0 |       1 |       0 |   0.0
        D:2 |      27 |      17 |  38.6 |      11 |       3 |  21.4
        D:3 |       2 |       0 |   0.0 |       1 |       0 |   0.0
            +---------+---------+-------+---------+---------+-------
